 Dungeon Crawl Stone Soup version 0.31-a0-968-g24f9ace8b5 (webtiles) character file.

Game seed: 17589494753352046973

372 Dittersdorf the Trooper (level 6, -2/40 HPs)
             Began as a Gargoyle Fighter on Oct 27, 2023.
             Slain by Sigmund
             ... wielding a +0 scythe
              (4 damage)
             ... on level 3 of the Dungeon.
             The game lasted 00:03:12 (2445 turns).

Dittersdorf the Trooper (Gargoyle Fighter)          Turns: 2445, Time: 00:03:12

Health: -2/40      AC: 16    Str: 22    XL:     6   Next: 71%
Magic:  6/6        EV:  9    Int:  8    God:
Gold:   150        SH:  4    Dex:  9    Spells: 5/5 levels left

rFire   + . .        a - +0 flail
rCold   . . .        c - +0 buckler
rNeg    + . .        p - +1 scale mail {rF+}
rPois   ∞            s - +0 helmet
rElec   +            h - +0 cloak
rCorr   .            r - +0 pair of gloves
SInv    .            (no boots)
Will    .....        f - amulet of faith Stlth
                     g - ring of wizardry
HPRegen 0.26/turn    (no ring)
MPRegen 0.10/turn

%: faith, wizardry (x1)
@: no status effects
A: sickness immunity, AC +4, negative energy resistance 1, electricity
resistance, torment resistance 1, petrification resistance
a: no special abilities


You were on level 3 of the Dungeon.
You visited 1 branch of the dungeon, and saw 3 of its levels.

You collected 150 gold pieces.

Inventory:

Hand Weapons
 a - a +0 flail (weapon)
Armour
 c - a +0 buckler (worn)
 h - a +0 cloak (worn)
 n - a +0 chain mail
 p - a +1 scale mail of fire resistance (worn)
 r - a +0 pair of gloves (worn)
 s - a +0 helmet (worn)
Jewellery
 f - an amulet of faith (around neck)
 g - a ring of wizardry (left hand)
Wands
 b - a wand of flame (2) (quivered)
Scrolls
 e - a scroll of noise {unknown}
 j - 5 scrolls of identify {unknown}
 l - a scroll of teleportation {unknown}
 o - a scroll of immolation {unknown}
 t - a scroll of enchant weapon {unknown}
Potions
 d - a potion of might
 i - a potion of enlightenment {unknown}
 k - 3 potions of mutation {unknown}
 q - a potion of curing {unknown}


   Skills:
 + Level 4.9 Fighting
 + Level 3.7 Maces & Flails
 + Level 4.9 Armour
 + Level 4.8 Shields


You had 5 spell levels left.
You didn't know any spells.
Your spell library contained the following spells:

 Spells                   Type           Power      Damage    Failure   Level
 Freeze                   Ice            0%         1d3       45%         1
 Blink                    Tloc           0%         N/A       58%         2
 Call Canine Familiar     Summ           0%         N/A       80%         3
 Frozen Ramparts          Ice            0%         1d1       80%         3
 Hailstorm                Conj/Ice       0%         3d3       80%         3
 Sigil of Binding         Hex            0%         N/A       80%         3
 Dimensional Bullseye     Hex/Tloc       0%         N/A       99%         4
 Leda's Liquefaction      Hex/Erth       0%         N/A       99%         4
 Manifold Assault         Tloc           0%         N/A       99%         4


Dungeon Overview and Level Annotations

Branches:
Dungeon (3/15)

Altars:
Nemelex Xobeh
Trog

Shops:
D:2 ((

Annotations:
D:3 Natasha, Sigmund


Innate Abilities, Weirdness & Mutations

You are immune to sickness and miasma.
Your stone body is resilient. (AC +4)
You are immune to poison.
You resist negative energy. (rN+)
You are resistant to electric shocks. (rElec)
You are resistant to unholy torment.
You are immune to petrification.


Message History

Natasha, Servant of Life and Death comes into view.
Natasha mumbles some strange words.
Grinder hits you.
You writhe in agony.
* * * LOW HITPOINT WARNING * * *
Something hits you but does no damage. Grinder hits you.
* * * LOW HITPOINT WARNING * * *
Something hits you.
* * * LOW HITPOINT WARNING * * *
You can move again.
Aiming: Throw Flame
Press: ? - help, Q - select action Shift-Dir - straight line, f - cerulean imp, p - Grinder
Aim: a cerulean imp, wielding a +1 spear (summoned, 52% to hit)
The puff of flame hits Grinder!
Grinder is almost dead.
Grinder gestures at you.
You shrug off the repeated paralysis!
Aiming: Throw Flame
Press: ? - help, Q - select action Shift-Dir - straight line, f/p - cerulean imp
Aim: a cerulean imp, wielding a +1 spear (summoned, 52% to hit)
The puff of flame hits Grinder.
You kill Grinder!
You hear some strange, mumbled words.
A puff of flame appears from out of thin air!
The puff of flame hits you. You resist.
* * * LOW HITPOINT WARNING * * *
You have reached level 6!
Unknown command.
Aiming: Throw Flame
Press: ? - help, Q - select action Shift-Dir - straight line, f/p - cerulean imp
Aim: a cerulean imp, wielding a +1 spear (summoned, 52% to hit)
The puff of flame hits Natasha!
Natasha is severely wounded.
Something hits you but does no damage.
Aiming: Throw Flame
Press: ? - help, Q - select action Shift-Dir - straight line, f/p - cerulean imp
Aim: a cerulean imp, wielding a +1 spear (summoned, 52% to hit)
The puff of flame hits something.
Something hits you.
You die...

#.....##.###.##≈≈≈..###......$.
......>..######..~≈.###........
#########.....##((.##.#........
#.##########..#†@...... #.# #.
#...#.#'# #.# #. #...#.#.#####
#.# #. #............ #.#
#.####..#.##.###[ #.#
#.@({h5..(## .< #.#
#######....# ## #.# #.##.# #.#
#.##.#####.# #.# #.##.......#
#.# ########.########## #.#
#....%...# #.####.######.#
#......# #.#


You could see Natasha and a cerulean imp (summoned).

Vanquished Creatures
  Grinder (D:3)
  Terence (D:2)
  Natasha (twice) (D:3)
  3 adders
  2 worms (D:2)
  3 dart slugs
  2 orcs
  3 endoplasms
  A giant cockroach (D:2)
  8 goblins
  8 hobgoblins
  4 jackals (D:2)
  4 kobolds
  A quokka (D:2)
  3 ball pythons
  6 bats
  4 frilled lizards
  6 rats
62 creatures vanquished.

Notes
Turn   | Place    | Note
-------+----------+-------------------------------------------
     0 | D:1      | Dittersdorf the Gargoyle Fighter began the quest for the
                  | Orb.
     0 | D:1      | Reached XP level 1. HP: 14/14 MP: 1/1
   112 | D:1      | Reached XP level 2. HP: 15/19 MP: 2/2
   132 | D:1      | Found a faded altar of an unknown god.
  1018 | D:2      | Reached XP level 3. HP: 23/23 MP: 3/3
  1084 | D:2      | Noticed Terence
  1097 | D:2      | Killed Terence
  1099 | D:2      | Reached XP level 4. HP: 19/29 MP: 4/4
  1192 | D:2      | Found Ciletofo's Weapon Boutique.
  1430 | D:2      | Found Rocinn's Antique Weapon Shoppe.
  1813 | D:3      | Found a sparkling altar of Nemelex Xobeh.
  1868 | D:3      | Noticed Natasha
  1873 | D:3      | Killed Natasha
  1874 | D:3      | Reached XP level 5. HP: 33/33 MP: 5/5
  1929 | D:3      | Found a bloodstained altar of Trog.
  2062 | D:3      | Noticed Natasha
  2083 | D:3      | Killed Natasha
  2404 | D:3      | Noticed Grinder
  2409 | D:3      | Noticed Sigmund
  2424 | D:3      | Paralysed by Grinder for 4 turns
  2437 | D:3      | Paralysed by Grinder for 5 turns
  2439 | D:3      | Noticed Natasha
  2443 | D:3      | Killed Grinder
  2443 | D:3      | HP: 1/34 [something/puff of flame (4)]
  2444 | D:3      | Reached XP level 6. HP: 1/40 MP: 6/6
  2445 | D:3      | Slain by Sigmund

Illustrated notes

Levels and vault maps discovered:
D:1:      evilmike_arrival_rings, layout_basic,
          shapermc_ecumenical_altar_pompeii, serial_forest,
          infiniplex_forest_clump_C, infiniplex_forest_split,
          infiniplex_forest_straight_3, infiniplex_forest_end_double,
          infiniplex_forest_clump_diagonal, nrook_campfire, minmay_tetromino_i2
D:2:      layout_rooms, serial_shops, nicolae_lakefront_shop,
          nicolae_shop_bloodbath_and_beyond, uniq_terence
D:3:      layout_basic, trog_hazing_becter, nemelex_diamond_rough_becter,
          uniq_natasha, uniq_sigmund, uniq_grinder

Skill      XL: |  1  2  3  4 |
---------------+-------------+-----
Armour         | 4 |  4.9
Fighting       | 4 |  4.9
Shields        | 4 |  4.8
Maces & Flails | 3 |  3.7

Action                     |  1- 3 |  4- 6 || total
---------------------------+-------+-------++-------
  Melee: Flail             |    95 |   121 ||   216
  Throw: Dart              |       |     4 ||     4
  Evoke: Wand              |       |    14 ||    14
 Armour: Scale mail        |    55 |   117 ||   172
         Chain mail        |    15 |    17 ||    32
  Dodge: Dodged            |    49 |    78 ||   127
  Block: Buckler           |    23 |    37 ||    60

Table legend: (Time is in decaauts)
 A = Elapsed time spent in this place.
 B = Non-inter-level travel time spent in this place.
 C = Inter-level travel time spent in this place.
 D = Time resting spent in this place.
 E = Time spent auto-exploring this place.
 F = Levels seen in this place.
 G = Mean time per level.
                   A        B        C        D        E       F      G
               +--------+--------+--------+--------+--------+-----+--------+
         Total |   2518 |   2468 |     50 |     42 |   1818 |   3 |  839.3 |
       Dungeon |   2518 |   2468 |     50 |     42 |   1818 |   3 |  839.3 |
               +--------+--------+--------+--------+--------+-----+--------+

Top non-repeatable levels by time:
     D:1: 1046 daAuts
     D:3: 829 daAuts
     D:2: 642 daAuts
